 Dungeon Crawl Stone Soup version 0.30-a0-210-g01b79a254e (webtiles) character file.

Game seed: 14619575411633473428

62 Sobieck the Cutter (level 4, -3/26 HPs)
             Began as a Kobold Gladiator on Oct 4, 2022.
             Slain by a gnoll
             ... wielding a +0 spear
              (4 damage)
             ... on level 2 of the Dungeon.
             The game lasted 00:02:31 (1329 turns).

Sobieck the Cutter (Kobold Gladiator)               Turns: 1329, Time: 00:02:32

Health: -3/26      AC:  4    Str: 11    XL:     4   Next: 28%
Magic:  4/4        EV: 16    Int:  9    God:
Gold:   75         SH:  0    Dex: 18    Spells: 3/3 levels left

rFire   . . .      SeeInvis .    a - +0 rapier {short}
rCold   . . .      Faith    .    (no shield)
rNeg    . . .      Spirit   .    b - +0 leather armour
rPois   .          Reflect  .    c - +0 helmet
rElec   .          Harm     .    (no cloak)
rCorr   .          Rampage  .    (no gloves)
Will    .....                    (no boots)
Stlth   +++.......               (no amulet)
HPRegen 0.24/turn                (no ring)
MPRegen 0.09/turn                (no ring)

@: no status effects
A: small, no large weapons, nightstalker 3
a: no special abilities


You were on level 2 of the Dungeon.
You visited 1 branch of the dungeon, and saw 2 of its levels.

You collected 75 gold pieces.


Innate Abilities, Weirdness & Mutations

You are small and have problems with some larger weapons.
You are completely attuned to the shadows.


   Skills:
 - Level 2.1 Fighting
 + Level 4.9 Short Blades
 - Level 2.1 Throwing
 + Level 4.4 Dodging
 + Level 2.8 Stealth


You had 3 spell levels left.
You didn't know any spells.
Your spell library was empty.

Inventory:

Hand Weapons
 a - a +0 rapier (weapon) {short}
Missiles
 d - 3 throwing nets (quivered) {=f!fthrowing}
 e - 2 boomerangs {throwing}
 f - 25 stones {throwing}
Armour
 b - a +0 leather armour (worn)
 c - a +0 helmet (worn)
 p - a +0 leather armour
   (You took it off a goblin on level 2 of the Dungeon)
 r - a +0 robe
   (You found it on level 2 of the Dungeon)
Wands
 o - a wand of paralysis (9)
   (You found it on level 2 of the Dungeon)
Scrolls
 h - a scroll of silence {unknown}
 i - a scroll of enchant weapon {unknown}
 j - a scroll of blinking {unknown}
 s - a scroll of brand weapon {unknown}
Potions
 g - a potion of might {unknown}
 k - 2 potions of invisibility {unknown}
 l - a potion of ambrosia {unknown}
 m - a potion of flight {unknown}
 n - a potion of resistance {unknown}
 q - a potion of degeneration {unknown}

Dungeon Overview and Level Annotations

Branches:
Dungeon (2/15) Zot: 10672

Altars:

Portals:
Abyss:

D:1***
..........>#.#.g.<...............
............<.....#####.....###..
...P............#######.....###..
.................##......#...##..
........................##.....##
...†......#..................#.#.
........#####...........##...#.#.
........# #....g......##...#...
........# #...@................
........# ##.........##########
>.......# ##.).#.. .......##
##### # ......## #######


You could see a gnoll.


Message History

You hit the gnoll but do no damage. You punch the gnoll.
The gnoll barely misses you.
You hit the gnoll. The gnoll closely misses you.
Unknown command.
You hit the gnoll.
You kill the gnoll!
You see here a +0 flail {mace}.
Unknown command.
(D) Dungeon
Where to? (Enter - D:2, ? - help)
There is a stone staircase leading down here.
You climb downwards.
There is a stone staircase leading up here.
Unknown command.
Unknown command.
A hobgoblin comes into view.
Danger!
The helpless hobgoblin fails to defend itself.
You impale the hobgoblin!!
You kill the hobgoblin!
No target in view!
You now have 75 gold pieces (gained 10).
r - a +0 robe A ball python comes into view.
Danger!
You catch the helpless ball python completely off-guard!
You puncture the ball python!
You kill the ball python!
No target in view!
No target in view!
Found a stone staircase leading down.
Unknown command.
s - a scroll labelled WUFREU WUMI Unknown command.
A dart slug comes into view.
Danger!
You hit the dart slug but do no damage. The dart slug closely misses you.
You hit the dart slug. The dart slug misses you.
You hit the dart slug but do no damage. You hit the dart slug.
The dart slug launches a dart at you. The slug dart misses you.
You hit the dart slug but do no damage. You hit the dart slug.
You kill the dart slug!
No target in view!
The gnoll shouts!
You hear a shout!
Danger!
Unknown command.
Unknown command.
You hit the gnoll but do no damage. You hit the gnoll but do no damage.
The gnoll closely misses you.
You hit the gnoll. The gnoll hits you with a +0 flail.
Unknown command.
You puncture the gnoll! Your punch misses the gnoll.
The gnoll hits you with a +0 flail!
You closely miss the gnoll. The gnoll misses you.
Unknown command.
You hit the gnoll.
You kill the gnoll!
You have reached level 4!
You start resting.
Unknown command.
Things that are here:
a +0 flail {mace}; a gnoll corpse A gnoll is nearby!
Danger!
The gnoll shouts!
The gnoll hits you from afar with a +0 spear.
The gnoll closely misses you.
You closely miss the gnoll. The gnoll hits you with a +0 spear.
A gnoll comes into view. It is wielding a +0 spear.
You are too injured to fight recklessly!
You are too injured to fight recklessly!
Unknown command.
The gnoll shouts!
You hit the gnoll. The gnoll misses you.
You closely miss the gnoll. The gnoll closely misses you.
Unknown command.
You hit the gnoll. The gnoll misses you. x2
You barely miss the gnoll. The gnoll closely misses you.
The gnoll hits you with a +0 spear.
Unknown command.
You hit the gnoll but do no damage. The gnoll closely misses you.
The gnoll completely misses you.
Unknown command.
You hit the gnoll. The gnoll closely misses you.
The gnoll hits you with a +0 spear.
* * * LOW HITPOINT WARNING * * *
Unknown command.
You hit the gnoll. The gnoll hits you but does no damage.
The gnoll closely misses you.
You hit the gnoll.
You kill the gnoll!
The gnoll hits you from afar with a +0 spear!
* * * LOW HITPOINT WARNING * * *
Unknown command.
The gnoll hits you with a +0 spear.
* * * LOW HITPOINT WARNING * * *
You barely miss the gnoll. The gnoll hits you with a +0 spear.
You die...

Skill      XL: |  1  2  3 |
---------------+----------+-----
Stealth        | 1 2 |  2.8
Dodging        | 4 |  4.4
Fighting       | |  2.1
Short Blades   | |  4.9
Throwing       | |  2.1

Action                   |  1- 3 |  4- 6 || total
-------------------------+-------+-------++-------
Melee: Rapier            |    61 |    10 ||    71
       Punch             |     1 |       ||     1
 Stab: Sleeping          |    11 |       ||    11
       Distracted        |     1 |       ||     1
Armor: Leather armour    |     6 |     1 ||     7
Dodge: Dodged            |    23 |    10 ||    33

Levels and vault maps discovered:
D:1:      minmay_arrival_glassed_features, layout_basic,
          ebering_ecumenical_altar_ruins, minmay_pentomino_v2
D:2:      minmay_skewed_foursquare, layout_rooms, nicolae_grassy_gnolls

Notes
Turn   | Place    | Note
-------+----------+-------------------------------------------
     0 | D:1      | Sobieck the Kobold Gladiator began the quest for the Orb.
     0 | D:1      | Reached XP level 1. HP: 12/12 MP: 1/1
     3 | D:1      | Found a one-way gate to the infinite horrors of the Abyss.
    97 | D:1      | Reached skill level 1 in Stealth
   142 | D:1      | Reached XP level 2. HP: 17/17 MP: 2/2
   489 | D:1      | Reached skill level 4 in Dodging
   577 | D:1      | Found a faded altar of an unknown god.
   857 | D:2      | Reached XP level 3. HP: 21/21 MP: 3/3
   862 | D:2      | Reached skill level 2 in Stealth
  1249 | D:2      | Reached XP level 4. HP: 14/26 MP: 4/4
  1327 | D:2      | HP: 6/26 [gnoll/+0 spear (7)]
  1328 | D:2      | HP: 1/26 [gnoll/+0 spear (5)]
  1329 | D:2      | Slain by a gnoll

Vanquished Creatures
  3 gnolls
  2 dart slugs
  3 ball pythons (D:2)
  2 endoplasms
  6 goblins
  2 hobgoblins (D:2)
  A quokka (D:2)
  A bat (D:1)
  A frilled lizard (D:2)
  5 kobolds
  2 rats
28 creatures vanquished.

Vanquished Creatures (others)
  17 plants (D:2)
17 creatures vanquished.

Grand Total: 45 creatures vanquished

Table legend:
 A = Non-vault XP
 B = Vault XP
 C = Vault XP percentage of total XP
 D = Non-vault monster count
 E = Vault monster count
 F = Vault count percentage of total count
                 A         B        C        D         E       F
            +---------+---------+-------+---------+---------+-------
      Total |      34 |      55 |  61.8 |      18 |      10 |  35.7
            +---------+---------+-------+---------+---------+-------
        D:1 |      18 |      17 |  48.6 |       9 |       3 |  25.0
        D:2 |      16 |      38 |  70.4 |       9 |       7 |  43.8
            +---------+---------+-------+---------+---------+-------

Illustrated notes

Table legend:
 A = Kills in this place as a percentage of kills in entire the game.
 B = Kills by you in this place as a percentage of kills by you in the entire game.
 C = Kills by friends in this place as a percentage of kills by friends in the entire game.
 D = Other kills in this place as a percentage of other kills in the entire game.
 E = Experience gained in this place as a percentage of experience gained in the entire game.
 F = Experience gained in this place divided by the number of levels of this place that you have seen.
                   A       B       C       D       E      F
               +-------+-------+-------+-------+-------+----------------------
         Total | 100.0 | 100.0 |   N/A |   N/A | 100.0 |  44.5
       Dungeon | 100.0 | 100.0 |   N/A |   N/A | 100.0 |  44.5
               +-------+-------+-------+-------+-------+----------------------

Table legend: (Time is in decaauts)
 A = Elapsed time spent in this place.
 B = Non-inter-level travel time spent in this place.
 C = Inter-level travel time spent in this place.
 D = Time resting spent in this place.
 E = Time spent auto-exploring this place.
 F = Levels seen in this place.
 G = Mean time per level.
                   A        B        C        D        E       F      G
               +--------+--------+--------+--------+--------+-----+--------+
         Total |   1327 |   1291 |     36 |     78 |   1010 |   2 |  663.5 |
       Dungeon |   1327 |   1291 |     36 |     78 |   1010 |   2 |  663.5 |
               +--------+--------+--------+--------+--------+-----+--------+

Top non-repeatable levels by time:
     D:1: 710 daAuts
     D:2: 616 daAuts
